 Dungeon Crawl Stone Soup version 0.27.1-33-g824d729ab1 (webtiles) character file.

Game seed: 15303127343642094894

1117 McKennaii the Chiller (level 7, -2/44 (50) HPs)
             Began as a Demigod Ice Elementalist on Dec 2, 2021.
             Slain by a wight (9 damage)
             ... on level 6 of the Dungeon.
             The game lasted 00:12:06 (7309 turns).

McKennaii the Chiller (Demigod Ice Elementalist)    Turns: 7309, Time: 00:12:07

HP:   -2/44 (50)    AC:  5    Str:  9    XL:     7   Next: 87%
MP:   3/17          EV: 13    Int: 37    God:
Gold: 80            SH:  0    Dex: 14    Spells: 3/16 levels left

rFire    . . .     SeeInvis .   w - +4 quarterstaff (chaos)
rCold    . . .     Faith    .   (shield currently unavailable)
rNeg     . . .     Spirit   .   a - +0 robe
rPois    .         Reflect  .   (no helmet)
rElec    .         Harm     .   u - +2 cloak
rCorr    .         Rampage  .   (no gloves)
Will     .....                  (no boots)
Stlth    ++........             r - amulet of magic regeneration
HPRegen  0.14/turn              j - +6 ring of intelligence
MPRegen  0.40/turn              q - +6 ring of intelligence

@: heavily drained
A: high mp 1, forlorn
a: no special abilities


You were on level 6 of the Dungeon.
You visited 1 branch of the dungeon, and saw 6 of its levels.

You collected 122 gold pieces.
You spent 42 gold pieces at shops.

Inventory:

Hand Weapons
 w - a +4 quarterstaff of chaos (weapon)
Armour
 a - a +0 robe (worn)
 u - a +2 cloak (worn)
Jewellery
 j - a +6 ring of intelligence (left hand)
 l - a ring of resist corrosion
 q - a +6 ring of intelligence (right hand)
 r - an amulet of magic regeneration (around neck)
 t - an amulet of regeneration
 y - a ring of protection from cold
Wands
 h - a wand of flame (38)
Scrolls
 b - a scroll of torment {unknown}
 c - a scroll of vulnerability
 d - a scroll of enchant weapon {unknown}
 e - 2 scrolls of fear
 f - a scroll of amnesia {unknown}
 m - a scroll of silence {unknown}
 p - 2 scrolls of identify
 x - a scroll of teleportation {unknown}
Potions
 g - a potion of might
 i - 2 potions of curing
 k - a potion of resistance
 n - a potion of flight {unknown}
 o - a potion of magic {unknown}
 s - a potion of attraction {unknown}
 v - 2 potions of brilliance {unknown}


   Skills:
 - Level 4.0 Dodging
 - Level 3.0 Stealth
 - Level 5.0 Spellcasting
 + Level 2.7 Conjurations
 - Level 6.0 Ice Magic


You had 3 spell levels left.
You knew the following spells:

 Your Spells              Type           Power      Damage    Failure   Level
a - Freeze                Ice            100%       1d11      1%          1
b - Frozen Ramparts       Ice            100%       1d12      1%          3
c - Ozocubu's Armour      Ice            52%        N/A       1%          3
d - Hailstorm             Conj/Ice       41%        3d10      6%          4
e - Ensorcelled Hibernat  Hex/Ice        62%        N/A       1%          2

Your spell library contained the following spells:

 Spells                   Type           Power      Damage    Failure   Level
 Corona                   Hex            10%        N/A       3%          1
 Static Discharge         Conj/Air       19%        N/A       3%          2
 Passwall                 Tmut/Erth      7%         N/A       5%          2
 Gell's Gravitas          Tloc           4%         N/A       11%         3
 Lesser Beckoning         Tloc           4%         N/A       11%         3
 Swiftness                Air            9%         N/A       11%         3
 Teleport Other           Tloc           9%         N/A       11%         3
 Tukima's Dance           Hex            9%         N/A       11%         3
 Sticky Flame             Conj/Fire      19%        2d4       21%         4
 Dispel Undead            Necr           9%         3d8       34%         4
 Invisibility             Hex            4%         N/A       99%         6


Dungeon Overview and Level Annotations

Branches:
Dungeon (6/15)
 Temple: D:4-7

Shops:
D:3 !   D:5 [

Annotations:
D:4 2 transporters, sydd's ghost, weakling DgTm


Innate Abilities, Weirdness & Mutations

Your attributes grow dramatically as you level up.
You have an increased reservoir of magic. (+10% MP)
You shall have no god before yourself.


Message History

* * * LOW HITPOINT WARNING * * *
The wight resists.
The wall freezes the wight.
The wight hits you but does no damage.
Unknown command.
Your icy armour and frozen ramparts will break if you move.
Continue? [Y]es or [N]o only, please.
Your icy armour and frozen ramparts will break if you move.
Continue?
Your icy armour cracks and falls away as you move.
The frozen ramparts melt away as you move.
Okay, then.
You feel better. The wight misses you.
Casting: Freeze (safe; 1% risk of failure)
Confirm with . or Enter, or press ? or * to list all spells.
Casting: Frozen Ramparts (safe; 1% risk of failure)
Press: ? - help, Dir - look around, f - activate The walls around you are covered in ice.
The wight resists.
The wall freezes the wight.
The wight resists.
The wall freezes the wight.
The wight completely resists.
The wall freezes the wight but does no damage.
The wight barely misses you.
Casting: Frozen Ramparts (safe; 1% risk of failure)
Confirm with . or Enter, or press ? or * to list all spells.
A film of ice covers your body!
The wight resists.
The wall freezes the wight.
The wight resists.
The wall freezes the wight.
The wight completely resists.
The wall freezes the wight but does no damage.
The wight closely misses you.
Unknown command.
Your icy armour and frozen ramparts will break if you move.
Continue?
Your icy armour cracks and falls away as you move.
The frozen ramparts melt away as you move.
The wight misses you.
As you read the scroll labelled ICSOUMAOSK, it crumbles to dust.
You assume a fearsome visage.
The wight is unaffected. x3
It was a scroll of fear.
The wight closely misses you. The wight hits you with a +0 hand axe.
* * * LOW HITPOINT WARNING * * *
You feel drained.
* * * LOW HITPOINT WARNING * * *
The wight hits you with a +3 long sword of freezing!
You die...

#.>....#.........#
..................#
..................#
..................#
##................#
#................#
#................#
........##########
.#.####....z@....#
..........zz.....#
.................#
................#
................#
................#
................#
................#


You could see 3 wights.

Vanquished Creatures
  A sky beast (D:5)
  2 black bears
  An ogre (D:5)
  A necrophage (D:3)
  A kobold brigand (D:6)
  2 bullfrogs
  A water moccasin zombie (D:5)
  A howler monkey (D:5)
  3 hounds (D:5)
  Crazy Yiuf (D:5)
  An orc wizard (D:4)
  A hound skeleton (D:5)
  A howler monkey skeleton (D:5)
  4 gnolls (D:6)
  5 adders
  2 shadow imps
  An ufetubus (D:5)
  A worm (D:3)
  A dart slug (D:1)
  9 orcs
  11 ball pythons
  4 endoplasms
  5 giant cockroaches
  5 goblins
  8 hobgoblins
  2 jackals (D:5)
  6 quokkas
  6 bats
  5 frilled lizards
  13 kobolds
  6 rats
111 creatures vanquished.

Notes
Turn   | Place    | Note
-------+----------+-------------------------------------------
     0 | D:1      | McKennaii the Demigod Ice Elementalist began the quest for
                  | the Orb.
     0 | D:1      | Reached XP level 1. HP: 14/14 MP: 5/5
   562 | D:1      | Reached XP level 2. HP: 20/20 MP: 2/7
  1166 | D:1      | Reached XP level 3. HP: 26/26 MP: 4/8
  1627 | D:2      | Reached skill level 4 in Ice Magic
  2220 | D:2      | Learned a level 3 spell: Frozen Ramparts
  3068 | D:3      | Reached XP level 4. HP: 19/33 MP: 4/10
  3234 | D:3      | Found Ciucaosa's Distillery.
  3242 | D:3      | Bought a potion of curing for 42 gold pieces
  3254 | D:3      | Noticed a necrophage
  3264 | D:3      | Killed a necrophage
  3542 | D:3      | Reached XP level 5. HP: 38/38 MP: 10/12
  3577 | D:3      | Found a large runed translucent door.
  3580 | D:3      | Found a large runed translucent door.
  3924 | D:4      | Noticed a black bear
  4281 | D:4      | Learned a level 3 spell: Ozocubu's Armour
  4305 | D:4      | Found a transporter.
  4307 | D:4      | Noticed sydd's ghost (weakling DgTm)
  4316 | D:4      | Noticed a necrophage
  4644 | D:4      | Killed a black bear
  4645 | D:4      | Reached XP level 6. HP: 45/45 MP: 3/14
  4650 | D:4      | Learned a level 4 spell: Hailstorm
  4832 | D:4      | Found a transporter.
  4918 | D:5      | Entered Level 5 of the Dungeon
  5349 | D:5      | Reached skill level 5 in Ice Magic
  5709 | D:5      | Reached XP level 7. HP: 30/50 MP: 6/16
  6017 | D:5      | Found Rufe's Antique Armour Boutique.
  6038 | D:5      | Learned a level 2 spell: Ensorcelled Hibernation
  6143 | D:5      | Reached skill level 1 in Conjurations
  6178 | D:5      | Found a runed translucent door.
  6179 | D:5      | Noticed Crazy Yiuf
  6607 | D:5      | Killed Crazy Yiuf
  6608 | D:5      | Reached skill level 6 in Ice Magic
  7175 | D:6      | Reached skill level 5 in Spellcasting
  7309 | D:6      | Slain by a wight

Illustrated notes

Levels and vault maps discovered:
D:1:      mrwooster_arrival_statue_2, layout_basic
D:2:      layout_loops_corners
D:3:      layout_loops_cross, jmf_multi_god_temple2, serial_shops,
          nicolae_shop_trees, columned_hall_lemuel
D:4:      layout_basic, lemuel_round_altar, gammafunk_ghost_mausoleum,
          wad_floor_pattern_2
D:5:      layout_gridville, serial_shops, kennysheep_little_box,
          uniq_crazy_yiuf_cottage
D:6:      layout_basic, serial_shops, nicolae_shop_trees

Skill      XL: |  1  2  3  4  5  6  7 |
---------------+----------------------+-----
Stealth        | 2 3 |  3.0
Dodging        | 2 3 4 |  4.0
Spellcasting   | 2 3 4 5 |  5.0
Ice Magic      | 4 5 6 |  6.0
Conjurations   | 2 |  2.7

Action                   |  1- 3 |  4- 6 |  7- 9 || total
-------------------------+-------+-------+-------++-------
Melee: Unarmed           |    14 |    19 |    31 ||    64
       Quarterstaff      |       |       |     5 ||     5
 Cast: Freeze            |    85 |   103 |    33 ||   221
       Frozen Ramparts   |       |     7 |    12 ||    19
       Ozocubu's Armour  |       |     3 |     7 ||    10
  Use: Scroll            |       |     4 |     1 ||     5
       Potion            |       |     1 |     1 ||     2
 Stab: Sleeping          |       |       |     1 ||     1
Armor: Robe              |    16 |    14 |    30 ||    60
Dodge: Dodged            |    44 |    90 |    51 ||   185
